Map: Prion Terraces

Players

ILLBdA

  • Race: Protoss Protoss
  • League: Platinum

曳影 - Winner!

  • Race: Zerg Zerg
  • League: Diamond

VOD

Have the link to the VOD?

Description

Time

  • Played on: Dec. 14, 2015, 1:32 a.m.
  • Length: 7:49
Show
View Real Time Build Order
Export as new Build Order

ILLBdA Protoss 

Build Orders: Nexus First 

Get SALT Encoding   

  12  0:00  Probe (Chrono Boost)  
  13  0:11  Probe (Chrono Boost)  
  14  0:17  Pylon  
  14  0:22  Probe (Chrono Boost)  
  15  0:35  Probe (Chrono Boost)  
  16  0:45  Probe (Chrono Boost)  
  17  0:57  Nexus  
  17  1:07  Gateway  
  17  1:10  Probe (Chrono Boost)  
  18  1:16  Assimilator  
  18  1:20  Probe (Chrono Boost)  
  18  1:24  Assimilator  
  19  1:31  Probe (Chrono Boost)  
  20  1:45  Gateway  
  20  1:47  Probe (Chrono Boost)  
  21  1:55  Zealot  
  23  2:02  Cybernetics Core  
  23  2:09  Probe (Chrono Boost)  
  23  2:11  Probe (Chrono Boost)  
  25  2:19  Probe (Chrono Boost)  
  25  2:21  Probe (Chrono Boost)  
  28  2:30  Probe (Chrono Boost)  
  28  2:32  Probe (Chrono Boost)  
  29  2:38  Stalker (Chrono Boost)  
  29  2:40  Probe (Chrono Boost)  
  29  2:41  Adept (Chrono Boost)  
  29  2:42  Probe  
  29  2:43  Warp Gate  
  35  2:52  Probe  
  35  2:54  Probe  
  35  2:58  Pylon  
  37  3:08  Probe  
  38  3:18  Pylon  
  38  3:19  Gateway  
  38  3:21  Probe  
  38  3:22  Stargate  
  38  3:26  Probe  
  40  3:33  Mothership Core (Chrono Boost)  
  42  3:38  Probe (Chrono Boost)  
  43  3:43  Assimilator  
  43  3:47  Assimilator  
  43  3:49  Probe (Chrono Boost)  
  43  3:53  Probe (Chrono Boost)  
  45  3:59  Probe (Chrono Boost)  
  46  4:03  Probe (Chrono Boost)  
  46  4:07  Phoenix (Chrono Boost)  
  46  4:09  Probe  
  49  4:15  Pylon  
  49  4:16  Probe  
  51  4:19  Probe  
  52  4:28  Twilight Council  
  52  4:29  Phoenix (Chrono Boost)  
  54  4:33  Probe  
  55  4:50  Phoenix (Chrono Boost)  
  57  4:56  Nexus  
  57  4:59  Pylon x2  
  57  5:01  Probe, Pylon  
  57  5:06  Charge (Chrono Boost)  
  58  5:09  Phoenix  
  58  5:14  Zealot  
  62  5:19  Pylon  
  62  5:22  Zealot x2  
  62  5:24  Probe  
  67  5:31  Phoenix  
  69  5:52  Phoenix  
  71  5:58  Zealot x3  
  71  6:02  Gateway  
  77  6:04  Gateway  
  77  6:07  Gateway, Probe  
  78  6:12  Robotics Facility  
  78  6:14  Phoenix  
  78  6:16  Probe  
  78  6:17  Probe, Forge  
  82  6:19  Probe  
  83  6:29  Probe, Zealot x2  
  83  6:30  Zealot  
  90  6:36  Pylon  
  90  6:56  Pylon  
  90  7:04  Zealot x3  
  90  7:05  Zealot x2  
  75  7:26  Zealot x5  
  75  7:30  Pylon  
  75  7:31  Probe, Assimilator  
  75  7:35  Assimilator  
  75  7:39  Zealot  
  77  7:47  Zealot x2  
  77  7:48  Pylon, Zealot  
  77  7:49  Pylon  
Show
View Real Time Build Order
Export as new Build Order

曳影 Zerg - Winner!

Build Orders: Hatch First 

Get SALT Encoding   

  12  0:07  Drone  
  12  0:11  Drone  
  14  0:18  Overlord  
  14  0:37  Drone x2  
  14  0:40  Drone  
  17  0:50  Drone  
  18  1:09  Hatchery  
  17  1:13  Drone  
  17  1:17  Spawning Pool  
  17  1:18  Drone  
  18  1:22  Drone  
  19  1:32  Overlord  
  19  1:41  Extractor  
  18  1:52  Drone  
  19  2:06  Zergling x2  
  19  2:07  Queen  
  22  2:10  Hatchery  
  21  2:17  Drone  
  21  2:18  Drone  
  21  2:22  Drone  
  24  2:30  Zergling x2  
  24  2:32  Queen  
  24  2:33  Drone  
  28  2:49  Drone x3  
  31  2:56  Drone  
  32  3:00  Drone  
  32  3:16  Queen  
  32  3:17  Overlord x2  
  32  3:18  Lair  
  34  3:22  Overlord  
  34  3:23  Drone x3  
  37  3:27  Drone  
  38  3:38  Drone x4  
  42  3:46  Drone x3  
  42  3:48  Roach Warren  
  44  4:00  Overlord  
  44  4:01  Drone x2, Extractor  
  44  4:02  Drone x2, Extractor  
  46  4:14  Drone x2  
  46  4:15  Overlord  
  48  4:21  Evolution Chamber, Drone  
  48  4:23  Evolution Chamber  
  47  4:27  Drone  
  47  4:28  Drone x3  
  47  4:29  Drone x2  
  53  4:36  Glial Reconstitution  
  52  4:39  Overseer  
  52  4:42  Drone x2  
  54  4:49  Extractor  
  54  4:51  Zerg Missile Weapons Level 1, Hydralisk Den  
  52  4:55  Spore Crawler  
  52  4:59  Drone x2  
  54  5:00  Drone, Spore Crawler  
  54  5:03  Spore Crawler  
  54  5:04  Drone x4  
  54  5:06  Overlord  
  56  5:13  Drone x3  
  59  5:16  Zerg Ground Armor Level 1  
  59  5:17  Drone  
  59  5:19  Drone x3  
  59  5:20  Overlord x2  
  63  5:37  Extractor  
  63  5:39  Drone  
  63  5:40  Drone, Overlord x2  
  63  5:41  Extractor  
  63  5:45  Hydralisk x4  
  71  5:51  Drone  
  71  5:57  Overlord x2  
  70  6:00  Muscular Augments  
  70  6:02  Hatchery  
  69  6:10  Drone x2  
  71  6:22  Overseer  
  71  6:26  Overlord  
  71  6:27  Overlord x2  
  71  6:29  Hydralisk x5, Roach x2  
  71  6:30  Roach x2, Queen  
  91  6:35  Hydralisk x2  
  91  6:36  Hydralisk  
  97  6:51  Hydralisk  
  97  6:52  Hydralisk x2  
  105  6:54  Roach x3  
  105  6:55  Roach x2  
  105  6:58  Roach x2  
  117  7:12  Hydralisk x2  
  117  7:13  Roach  
  117  7:24  Hydralisk x2, Roach x2  
  125  7:31  Drone  
Tags
 
Add a new tag
Caveats
  • Supply blocks, unpowered buildings, or Contaminate may cause inaccurate times.
  • Supply counts are checked every 10 seconds.